 Dungeon Sprint DCSS version 0.30.1-9-gdf580d7c3d (webtiles) character file.

Game seed: 14195742415732336325

309 boopmooplesden the Cruncher (level 6, -11/57 HPs)
             Began as a Minotaur Gladiator on Sept 25, 2023.
             Was an Elder of Trog.
             Mangled by Erolcha
             ... wielding a +0 giant club
              (33 damage)
             ... in the Dungeon (Sprint VII: "The Pits").
             The game lasted 00:01:17 (803 turns).

boopmooplesden the Cruncher (Minotaur Gladiator)     Turns: 803, Time: 00:01:17

Health: -11/57     AC: 21    Str: 20    XL:     6   Next: 17%
Magic:  5/5        EV:  8    Int:  5    God:    Trog [****..]
Gold:   0          SH:  0    Dex: 12    Spells: 5/5 levels left

rFire   . . .        p - +1 quarterstaff (protect)
rCold   . . .        (shield currently unavailable)
rNeg    . . .        o - +2 plate armour
rPois   .            c - +0 hat
rElec   .            (no cloak)
rCorr   .            (no gloves)
SInv    .            (no boots)
Will    .....        (no amulet) Stlth
                     (no ring)
HPRegen 0.29/turn    (no ring)
MPRegen 0.09/turn

%: no teleportation
@: under a protective aura
A: horns 2, retaliatory headbutt
a: Renounce Religion, Berserk, Trog's Hand, Brothers in Arms


You were in the Dungeon.
You worshipped Trog.
Trog was greatly pleased with you.
You visited 1 branch

Inventory:

Hand Weapons
 a - a +0 quarterstaff
 l - a +2 quarterstaff
 p - a +1 quarterstaff of protection (weapon)
Missiles
 d - 3 throwing nets (quivered)
 e - a javelin
Armour
 b - a +0 leather armour
 c - a +0 hat (worn)
 o - a +2 plate armour (worn)
Scrolls
 k - a scroll of blinking
 n - a scroll of summoning
Potions
 f - 5 potions of heal wounds
 g - 5 potions of curing
 h - a potion of haste
 i - 4 potions of magic
 j - 3 potions of berserk rage
 m - 2 potions of invisibility


   Skills:
 + Level 6.1 Fighting
 + Level 9.9 Staves
 + Level 3.6 Throwing
 + Level 6.2 Armour
 + Level 8.3 Dodging
 + Level 0.5 Stealth


You had 5 spell levels left.
You didn't know any spells.
Your spell library was empty.

Dungeon Overview and Level Annotations

Branches:
Dungeon (1/1)

Altars:
Cheibriados
Dithmenos
Elyvilon
Fedhas
Gozag
Hepliaklqana
Makhleb
Nemelex Xobeh
Okawaru
Qazlal
Ru
Sif Muna
Trog
Vehumet
Wu Jian
Xom
Yredelemnul
Zin
The Shining One
Jiyva
Lugonu

Annotations:
D Erolcha


Innate Abilities, Weirdness & Mutations

You have a pair of horns on your head.
You reflexively headbutt those who attack you in melee.


Message History

You sock the gnoll bouda!
The gnoll bouda is severely wounded.
The gnoll bouda gazes fiercely through you!
You feel your attacks grow feeble.
The gnoll bouda hits you but does no damage.
You closely miss the gnoll bouda. Your headbutt misses the gnoll bouda.
The gnoll bouda is severely wounded.
The gnoll bouda barely misses you.
You hit the gnoll bouda.
You headbutt the gnoll bouda, but do no damage.
The gnoll bouda is almost dead.
The gnoll bouda gazes fiercely through you!
You feel as though you will be weak longer.
The gnoll bouda hits you with a +0 club.
You sock the gnoll bouda!
You kill the gnoll bouda!
Trog accepts your kill.
Your Fighting skill increases to level 6!
Your Armour skill increases to level 6!
There is an open door, spattered with blood here.
Things that are here:
a +0 club; a +0 robe; a gnoll corpse You start resting.
Your attacks no longer feel as feeble.
You start resting.
You recover from your berserk rage.
You open the door.
Erolcha the Cunning comes into view.
She is wielding a +0 giant club.
Erolcha shouts!
You hit Erolcha.
Your weapon exudes an aura of protection.
Erolcha is lightly wounded.
Erolcha hits you with a +0 giant club!!
Ouch! That really hurt!
You barely miss Erolcha.
Erolcha is lightly wounded.
Erolcha screams, "Erolcha crush your head!"
Erolcha hits you with a +0 giant club!!
Ouch! That really hurt!
You die...

#.#...†....##.......#
#'###########.......#
#...)...# #########
#.###...# #.#.....#
#.#...#.#+#
#.....#.#.+
#...###.#O#
#.......)@#
###########


You could see Erolcha.

Vanquished Creatures
  A wolf (D)
  An ogre (D)
  A phantom (D)
  A gnoll bouda (D)
  An adder (D)
  A white imp (D)
  2 ufetubi (D)
  A ball python (D)
  An endoplasm (D)
  A giant cockroach (D)
  4 jackals (D)
  A kobold (D)
  A bat (D)
  2 frilled lizards (D)
  A rat (D)
20 creatures vanquished.

Notes
Turn   | Place    | Note
-------+----------+-------------------------------------------
     0 | D        | boopmooplesden the Minotaur Gladiator began the quest for
                  | the Orb.
     0 | D        | Reached XP level 1. HP: 18/18 MP: 0/0
    12 | D        | Reached skill level 4 in Staves
    17 | D        | Found a bloodstained altar of Trog.
    17 | D        | Found a shimmering blue altar of Sif Muna.
    17 | D        | Found a viscous altar of Jiyva.
    17 | D        | Found a hazy altar of Hepliaklqana.
    17 | D        | Found an opulent altar of Gozag.
    18 | D        | Found a glowing golden altar of the Shining One.
    18 | D        | Found a glowing silver altar of Zin.
    18 | D        | Found a basalt altar of Yredelemnul.
    18 | D        | Found a shimmering altar of Xom.
    18 | D        | Found an ornate altar of the Wu Jian Council.
    18 | D        | Found a sacrificial altar of Ru.
    18 | D        | Found a stormy altar of Qazlal.
    18 | D        | Found an iron altar of Okawaru.
    18 | D        | Found a sparkling altar of Nemelex Xobeh.
    18 | D        | Found a burning altar of Makhleb.
    18 | D        | Found a blossoming altar of Fedhas.
    18 | D        | Found a white marble altar of Elyvilon.
    18 | D        | Found a shadowy altar of Dithmenos.
    18 | D        | Found a snail-covered altar of Cheibriados.
    20 | D        | Found a corrupted altar of Lugonu.
    20 | D        | Found a radiant altar of Vehumet.
    21 | D        | Became a worshipper of Trog the Wrathful
    64 | D        | Reached * piety under Trog
    77 | D        | Reached skill level 1 in Armour
    77 | D        | Reached XP level 2. HP: 9/26 MP: 1/1
   597 | D        | Noticed a phantom
   600 | D        | Reached skill level 5 in Staves
   603 | D        | Killed a phantom
   603 | D        | Reached ** piety under Trog
   604 | D        | Reached skill level 7 in Staves
   604 | D        | Reached XP level 3. HP: 27/34 MP: 2/2
   604 | D        | Reached XP level 4. HP: 32/41 MP: 3/3
   734 | D        | Noticed an ogre
   734 | D        | Noticed a wolf
   743 | D        | Killed a wolf
   744 | D        | Reached skill level 5 in Fighting
   744 | D        | Reached skill level 8 in Staves
   744 | D        | Reached skill level 5 in Armour
   744 | D        | Reached XP level 5. HP: 48/48 MP: 4/4
   744 | D        | Reached *** piety under Trog
   748 | D        | Killed an ogre
   749 | D        | Reached skill level 9 in Staves
   749 | D        | Reached XP level 6. HP: 57/57 MP: 5/5
   752 | D        | Reached **** piety under Trog
   801 | D        | Noticed Erolcha
   803 | D        | Mangled by Erolcha

Illustrated notes

Levels and vault maps discovered:
D:        pitsprint [storerooms_1, entrance_room_1, metal_vault_6, armoury_3,
          mini_pit_1, grid_room_1, main_hall_1, silver_pit, the_coven_1,
          the_vestibule_1, steel_vault_1, golden_pit, hallway_of_sentries,
          crystal_vault_5, iron_vault_4, final_vault]

Skill      XL: |  1  2  3  4  5  6 |
---------------+-------------------+-----
Staves         | 4 7 8 9 |  9.9
Dodging        | 4 6 7 8 |  8.3
Fighting       | 3 4 5 6 |  6.1
Armour         | 1 3 5 6 |  6.2
Throwing       | 3 |  3.6
Stealth        | |  0.5

Action                     |  1- 3 |  4- 6 || total
---------------------------+-------+-------++-------
  Melee: Quarterstaff      |    18 |    27 ||    45
         Headbutt          |     4 |     5 ||     9
 Invoke: Berserk           |     1 |     1 ||     2
    Use: Potion            |     2 |       ||     2
 Armour: Leather armour    |    10 |       ||    10
         Plate armour      |       |     9 ||     9
  Dodge: Dodged            |    32 |     9 ||    41
